 Dungeon Crawl Stone Soup version 0.20.1-2-g1830e616b0 (webtiles) character file.

677 Alfie the Archer (level 7, -10/60 HPs)
             Began as a Minotaur Hunter on Feb 7, 2020.
             Mangled by an orc warrior
             ... wielding a +0 hand axe
              (22 damage)
             ... on level 5 of the Dungeon.
             The game lasted 00:11:33 (3304 turns).

Alfie the Archer (Minotaur Hunter)                  Turns: 3304, Time: 00:11:34

Health: -10/60     AC:  3    Str: 19    XL:     7   Next: 33%
Magic:  6/6        EV: 12    Int:  8    God:
Gold:   94         SH:  0    Dex: 10    Spells: 6/6 levels left

rFire    . . .     SeeInvis .   b - +0 short sword
rCold    . . .     Gourm    .   (no shield)
rNeg     . . .     Faith    .   c - +0 leather armour
rPois    .         Spirit   .   (helmet restricted)
rElec    .         Reflect  .   (no cloak)
rCorr    .         Harm     .   (no gloves)
MR       .....                  (no boots)
Stlth    ++........             (no amulet)
Regen    0.2/turn               v - ring of stealth
MPRegen  0.1/turn               (no ring)

@: no status effects
A: retaliatory headbutt, horns 2
a: no special abilities


You were on level 5 of the Dungeon.
You were not hungry.

You visited 1 branch of the dungeon, and saw 6 of its levels.

You collected 250 gold pieces.
You spent 156 gold pieces at shops.

Inventory:

Hand Weapons
 a - a +1 shortbow
 b - a +0 short sword (weapon)
Armour
 c - a +0 leather armour (worn)
 s - a +0 pair of boots
Jewellery
 i - an uncursed ring of protection from cold
 v - a ring of stealth (left hand)
 D - an uncursed amulet of rage
Wands
 r - a wand of disintegration (9/24)
Scrolls
 h - 4 scrolls of teleportation
 l - 3 scrolls of identify
 n - a scroll of magic mapping
 q - a scroll of recharging
 u - a scroll of blinking
 x - a scroll of remove curse
 y - a scroll of immolation {unknown}
Potions
 e - 3 potions of curing {unknown}
 j - 2 potions of mutation {unknown}
 k - 2 potions of brilliance {unknown}
 o - 2 potions of heal wounds {unknown}
 p - a potion of haste {unknown}
 t - a potion of berserk rage {unknown}
 w - a potion of magic {unknown}
 z - a potion of might {unknown}
 A - a potion of flight {unknown}
 B - 2 potions of resistance {unknown}
 C - a potion of lignification {unknown}
 E - a potion of cancellation {unknown}
Comestibles
 f - 3 bread rations
 g - 4 fruits
 m - 3 meat rations


   Skills:
 + Level 4.3 Fighting
 + Level 8.4 Bows
 + Level 3.0 Armour
 + Level 2.8 Dodging
 + Level 1.2 Stealth


You had 6 spell levels left.
You didn't know any spells.

Dungeon Overview and Level Annotations

Branches:
Dungeon (6/15)             Temple (0/1) D:5

Altars:
Nemelex Xobeh
Qazlal
Xom

Shops:
D:4 }


Innate Abilities, Weirdness & Mutations

You reflexively headbutt those who attack you in melee.
You have a pair of horns on your head.


Message History

Okay, then.
Firing (i - inventory): No suitable missiles.
Press: ? - help, Shift-Dir - straight line, f/p - orc warrior
Aim: an orc warrior, wielding a hand axe and wearing a plate armour (heavily wounded)
Okay, then.
Wield which item (- for none, * to show all)? (? for menu, Esc to quit)
b - a +0 short sword (weapon)
The orc warrior hits you with a hand axe!
You hit the orc warrior but do no damage.
The orc warrior is heavily wounded.
The orc warrior hits you with a hand axe!
* * * LOW HITPOINT WARNING * * *
You hit the orc warrior but do no damage.
The orc warrior is heavily wounded.
The orc warrior barely misses you. You furiously retaliate!
You headbutt the orc warrior, but do no damage.
You completely miss the orc warrior. You headbutt the orc warrior.
The orc warrior is severely wounded.
The orc warrior hits you with a hand axe!!
You die...

####.###.##.....#####......######
..#...#...#......................
⌠...⌠...⌠.######...........(.....
..#...#...#....#.................
####.###.##....#.................
..#...#...#....#.................
>...⌠.#.⌠.#....'.....############
..#...#...#....#.....#...........
########.##....#@....#...........
#..............#o....#...........
#.......######+#.....###..####...
###.....#...#.....######..####...
..#.....#...#.....#..............
..#.....#...#.....#..............
..#.....'...#.....#..............
..#.....#...#.....#...##'#####...
###>....#'###.....#...##....##...


You could see an orc warrior.

Vanquished Creatures
  3 ogres
  The ghost of Alfie the Shooter, an amateur HuHu (D:3)
  A quasit (D:5)
  A hound (D:4)
  2 iguanas
  3 worker ants
  A hound skeleton (D:5)
  A gnoll (D:1)
  8 adders
  A worm (D:3)
  2 dart slugs
  2 leopard geckos
  2 orcs (D:6)
  5 giant cockroaches
  7 goblins
  8 hobgoblins
  3 quokkas
  A ball python skeleton (D:4)
  4 bats
  4 frilled lizards
  5 kobolds
  A quokka zombie (D:5)
  7 rats
73 creatures vanquished.

Notes
Turn   | Place    | Note
-------+----------+-------------------------------------------
     0 | D:1      | Alfie the Minotaur Hunter began the quest for the Orb.
     0 | D:1      | Reached XP level 1. HP: 18/18 MP: 0/0
   193 | D:1      | Reached XP level 2. HP: 21/25 MP: 1/1
   198 | D:1      | Reached skill level 5 in Bows
   559 | D:2      | Reached XP level 3. HP: 30/30 MP: 2/2
   819 | D:2      | Reached XP level 4. HP: 37/37 MP: 3/3
   875 | D:2      | Reached skill level 6 in Bows
  1327 | D:3      | Noticed Alfie's ghost (amateur HuHu)
  1342 | D:3      | Killed Alfie's ghost
  1342 | D:3      | Reached skill level 1 in Armour
  1342 | D:3      | Reached XP level 5. HP: 25/45 MP: 4/4
  1470 | D:3      | Found a stormy altar of Qazlal.
  1722 | D:3      | Found a shimmering altar of Xom.
  1724 | D:3      | Found a sparkling altar of Nemelex Xobeh.
  1791 | D:4      | Found a stormy altar of Qazlal.
  1867 | D:4      | Noticed an ogre
  1875 | D:4      | Killed an ogre
  1875 | D:4      | Reached skill level 7 in Bows
  1875 | D:4      | Reached XP level 6. HP: 38/51 MP: 5/5
  1885 | D:4      | Found Wueroext's Gadget Shop.
  1889 | D:4      | Bought a wand of disintegration (9/24) for 156 gold pieces
  2652 | D:5      | Entered Level 5 of the Dungeon
  2766 | D:5      | Reached skill level 8 in Bows
  2766 | D:5      | Reached XP level 7. HP: 59/59 MP: 6/6
  2938 | D:5      | Found a staircase to the Ecumenical Temple.
  3124 | D:5      | Reached skill level 1 in Stealth
  3304 | D:5      | Mangled by an orc warrior

Skill      XL: |  1  2  3  4  5  6  7 |
---------------+----------------------+-----
Bows           | 5 6 7 8 |  8.4
Fighting       | 3 4 |  4.3
Armour         | 1 2 3 |  3.0
Stealth        | 1 |  1.2
Dodging        | |  2.8

Action                   |  1- 3 |  4- 6 |  7- 9 || total
-------------------------+-------+-------+-------++-------
Melee: Short sword       |       |       |     3 ||     3
       Headbutt          |       |       |     1 ||     1
 Fire: Shortbow          |    99 |   133 |    36 ||   268
  Use: Scroll            |     6 |     6 |     2 ||    14
  Eat: Royal jelly       |       |     2 |       ||     2
       Bread ration      |       |     1 |       ||     1
Armor: Leather armour    |     7 |     3 |     2 ||    12
Dodge: Dodged            |    20 |    33 |     3 ||    56
